 Dungeon Crawl Stone Soup version 0.25-a0-578-gc91f01c39c (webtiles) character file.

Game seed: 6104282768934281532, levelgen mode: classic

2928 EnegeticOcto the Chopper (level 9, 0/85 HPs)
             Began as a Deep Dwarf Fighter on Mar 4, 2020.
             Was a Priest of Makhleb.
             Slain by an orc warrior
             ... wielding a +0 trident
              (1 damage)
             ... on level 8 of the Dungeon.
             The game lasted 00:03:16 (3133 turns).

EnegeticOcto the Chopper (Deep Dwarf Fighter)       Turns: 3133, Time: 00:03:17

Health: 0/85       AC: 12    Str: 22    XL:     9   Next: 50%
Magic:  0/0        EV:  3    Int: 10    God:    Makhleb [***...]
Gold:   261        SH:  7    Dex: 12    Spells: 8/8 levels left

rFire    . . .     SeeInvis .   a - +1 war axe
rCold    . . .     Gourm    .   c - +0 kite shield
rNeg     . . .     Faith    .   z - +0 plate armour
rPois    .         Spirit   .   (no helmet)
rElec    .         Reflect  .   (no cloak)
rCorr    +         Harm     .   j - +0 pair of gloves
MR       +....                  m - +0 pair of boots
Stlth    ..........             (no amulet)
HPRegen  0.00/turn              s - ring of resist corrosion
MPRegen  0.07/turn              (no ring)

@: non-regenerating, slowed, extremely drained, very slow
A: damage resistance, heal wounds, sense surroundings 2, no regeneration
a: Heal Wounds, Minor Destruction, Lesser Servant of Makhleb, Renounce Religion


You were on level 8 of the Dungeon.
You worshipped Makhleb.
Makhleb was most pleased with you.
You were hungry.

You visited 2 branches of the dungeon, and saw 9 of its levels.

You collected 261 gold pieces.

Inventory:

Hand Weapons
 a - a +1 war axe (weapon)
Armour
 c - a +0 kite shield (worn)
 j - a +0 pair of gloves (worn)
 m - a +0 pair of boots (worn)
 z - a +0 plate armour (worn)
Jewellery
 s - a ring of resist corrosion (left hand)
Wands
 x - a wand of acid (2) {@v1}
Scrolls
 h - 6 scrolls of enchant weapon
 i - a scroll of remove curse {@r6}
 l - a scroll of teleportation {@r2}
 y - a scroll of immolation {@r4}
Potions
 g - 3 potions of heal wounds {@q2}
 p - a potion of mutation {unknown}
 q - 4 potions of curing {@q1}
 r - 4 potions of haste {unknown}
 u - 2 potions of stabbing {unknown}
 v - a potion of flight {unknown}
Comestibles
 e - 9 rations


   Skills:
 * Level 6.8(0.0) Fighting
 * Level 7.8(0.0) Axes
 + Level 6.2(0.0) Armour
 + Level 6.1(0.0) Shields
 * Level 7.6(0.0) Invocations


You had 8 spell levels left.
You didn't know any spells.
Your spell library was empty.

Dungeon Overview and Level Annotations

Branches:
Dungeon (8/15)             Temple (1/1) D:4
   Lair: D:8-11

Altars:
Cheibriados
Dithmenos
Elyvilon
Gozag
Hepliaklqana
Makhleb
Nemelex Xobeh
Qazlal
Trog
Uskayaw
Wu Jian
Zin
The Shining One

Shops:
D:7 (

Annotations:
D:7 1 exclusion
D:8 Erica, Joseph


Innate Abilities, Weirdness & Mutations

You are resistant to damage.
You can heal yourself by infusing magical energy.
You passively map the area around you.
You do not regenerate.


Message History

You feel much better. Something hits you. Something burns you.
The crimson imp lashes its tail.
You block Joseph's attack.
The orc warrior hits you with a +0 trident!
The crimson imp grins evilly.
The crimson imp blinks!
Something completely misses you.
You feel much better. You block Joseph's attack.
The orc warrior hits you with a +0 trident.
Something hits you. Something burns you.
Joseph hits you with a +0 quarterstaff of draining.
You feel drained. The orc warrior barely misses you.
You feel much better. Something hits you! Something burns you.
You block Joseph's attack.
The phantom blinks!
The orc warrior completely misses you.
You feel much better. Something hits you. Something burns you.
You block Joseph's attack.
The orc warrior hits you with a +0 trident!
Your magical essence is drained by the effort!
You feel much better.
The phantom blinks!
You hear some strange, mumbled words.
A lance of force appears from out of thin air!
The lance of force hits you.
You are knocked back by the lance of force.
You feel a little less mighty now.
The phantom blinks!
The orc warrior hits you with a +0 trident!!
An orc comes into view. It is wielding a +0 whip.
Your plate armour prevents you from hitting the orc warrior.
The orc warrior is heavily wounded.
A hound comes into view.
The orc warrior hits you with a +0 trident.
The phantom blinks!
You block the orc warrior's attack.
The hound moves out of view.
Your shield and plate armour prevent you from hitting the orc warrior.
The orc warrior is heavily wounded.
The orc warrior hits you with a +0 trident!
The hound barks!
The orc warrior hits you with a +0 trident!
You closely miss the orc warrior.
The orc warrior is heavily wounded.
You block the orc warrior's attack.
The orc warrior hits you with a +0 trident!
The phantom blinks!
The orc warrior hits you with a +0 trident!
You slash the orc warrior!
The orc warrior is almost dead.
The orc warrior hits you with a +0 trident!
The orc warrior hits you with a +0 trident.
You are too injured to fight recklessly!
You are too injured to fight recklessly!
You are too injured to fight recklessly!
You are too injured to fight recklessly!
You are too injured to fight recklessly!
You are too injured to fight recklessly!
You are too injured to fight recklessly!
You are too injured to fight recklessly!
You are too injured to fight recklessly!
You are too injured to fight recklessly!
You are too injured to fight recklessly!
You are too injured to fight recklessly!
You are too injured to fight recklessly!
You are too injured to fight recklessly!
You are too injured to fight recklessly!
You are too injured to fight recklessly!
You are too injured to fight recklessly!
You are too injured to fight recklessly!
You are too injured to fight recklessly!
You are too injured to fight recklessly!
You are too injured to fight recklessly!
You are too injured to fight recklessly!
You are too injured to fight recklessly!
You are too injured to fight recklessly!
You are too injured to fight recklessly!
You are too injured to fight recklessly!
You are too injured to fight recklessly!
You are too injured to fight recklessly!
You are too injured to fight recklessly!
You don't have enough innate magic capacity.
You don't have enough innate magic capacity.
You don't have enough innate magic capacity.
You closely miss the orc warrior.
The orc warrior is almost dead.
The orc warrior hits you with a +0 trident!
* * * LOW HITPOINT WARNING * * *
The orc warrior hits you with a +0 trident.
You hit the orc warrior.
The orc warrior is almost dead.
The orc warrior hits you with a +0 trident!
* * * LOW HITPOINT WARNING * * *
The orc warrior barely misses you.
You closely miss the orc warrior.
The orc warrior is almost dead.
You are no longer poisoned.
The orc warrior hits you with a +0 trident!
* * * LOW HITPOINT WARNING * * *
You block the orc warrior's attack.
The crimson imp blinks!
You hit the orc warrior but do no damage.
The orc warrior is almost dead.
The orc warrior hits you with a +0 trident.
You die...

#..# #..# *,*
****######††#######,,*
*,*
*,,,...5[........>.,,*
*,,
*,**######.(#######*,*
*,, *,* #))# **,** *,,
*,* #hW#******,,,***,,
*,* #{o..,,,,,,,,,**,,
*,* #o####,***,,,,**,,
*,* #@# *,******,**,,
*,****
#.#***,*,,,,,,,,,,
*,,,,*
#5#,,,,,,,,,,,***,
****,*
#..,,,,,,******,,, *,*
*#.##*,,,,,,,,,,,**
*,* *..# *,,,,,,,,****
*,* *..#**,******,*
*,* *...,,,* *,* *<*
*#.##,*** *,*


You could see a phantom, an orc warrior, a hound, a crimson imp and an orc.

Vanquished Creatures
  3 ice beasts (D:6)
  An orc warrior (D:7)
  A black bear (D:8)
  2 sky beasts
  An ogre (D:5)
  2 phantoms
  3 centaurs (D:7)
  4 bullfrogs
  A wyvern skeleton (D:7)
  2 scorpions
  4 wights
  A crimson imp (D:5)
  A quasit (D:5)
  A bullfrog zombie (D:6)
  3 hounds
  3 orc priests
  4 jellies
  2 centaur skeletons
  4 orc wizards
  2 bullfrog skeletons (D:8)
  A gnoll shaman (D:7)
  2 iguanas
  10 worker ants
  A worker ant zombie (D:6)
  8 gnolls
  8 adders
  2 shadow imps
  11 oozes
  A worm (D:2)
  A dart slug (D:4)
  4 leopard geckos
  13 orcs
  A bat (D:1)
  3 giant cockroaches
  3 goblins
  2 hobgoblins
  11 jackals
  2 quokkas (D:6)
  2 ball pythons
  2 frilled lizards (D:1)
  A jackal zombie (D:6)
  10 kobolds
  A leopard gecko zombie (D:8)
  3 rats
148 creatures vanquished.

Vanquished Creatures (others)
  A crimson imp (D:8)
  2 fungi (D:4)
  9 toadstools (D:4)
12 creatures vanquished.

Grand Total: 160 creatures vanquished

Notes
Turn   | Place    | Note
-------+----------+-------------------------------------------
     0 | D:1      | EnegeticOcto the Deep Dwarf Fighter began the quest for the
                  | Orb.
     0 | D:1      | Reached XP level 1. HP: 20/20 MP: 1/1
   152 | D:1      | Reached XP level 2. HP: 24/27 MP: 2/2
   246 | D:2      | Reached XP level 3. HP: 28/34 MP: 3/3
   408 | D:4      | Reached XP level 4. HP: 29/42 MP: 4/4
   578 | D:4      | Reached XP level 5. HP: 22/50 MP: 5/5
   817 | D:4      | Found a staircase to the Ecumenical Temple.
   906 | Temple   | Entered the Ecumenical Temple
   944 | Temple   | Became a worshipper of Makhleb the Destroyer
  1035 | D:4      | Reached XP level 6. HP: 54/57 MP: 4/4
  1049 | D:4      | Reached skill level 1 in Invocations
  1202 | D:5      | Entered Level 5 of the Dungeon
  1269 | D:5      | Found a hide-covered altar of Uskayaw.
  1343 | D:5      | Reached XP level 7. HP: 55/66 MP: 4/4
  1420 | D:5      | Reached skill level 5 in Axes
  1564 | D:5      | Reached * piety under Makhleb
  1804 | D:6      | Reached skill level 5 in Fighting
  1904 | D:6      | Reached skill level 5 in Armour
  1904 | D:6      | Reached XP level 8. HP: 42/74 MP: 6/6
  1905 | D:6      | Reached skill level 5 in Shields
  2006 | D:6      | Found a stormy altar of Qazlal.
  2074 | D:6      | Reached skill level 5 in Invocations
  2211 | D:6      | Found a sparkling altar of Nemelex Xobeh.
  2211 | D:6      | Found a snail-covered altar of Cheibriados.
  2280 | D:6      | Found a shadowy altar of Dithmenos.
  2443 | D:7      | Reached ** piety under Makhleb
  2490 | D:7      | Gained mutation: You passively map the area around you.
                  | [Deep Dwarf growth]
  2490 | D:7      | Reached XP level 9. HP: 57/82 MP: 7/7
  2606 | D:7      | Found Puoz's Weapon Shop.
  3070 | D:8      | Noticed Joseph
  3075 | D:8      | Noticed Erica
  3091 | D:8      | Reached *** piety under Makhleb
  3108 | D:8      | HP: 2/85 [Joseph/+0 quarterstaff of draining (8)]
  3132 | D:8      | HP: 1/85 [orc warrior/+0 trident (6)]
  3133 | D:8      | Slain by an orc warrior

Levels and vault maps discovered:
D:1:      dpeg_arrival_chambers_temple_mockup, layout_basic,
          minmay_misc_feat_secret_circle
D:2:      layout_rooms, uniq_jessica
D:3:      layout_rooms, first_ration
D:4:      cheibrodos_fertilizer, layout_basic,
          minmay_temple_entry_drinking_statues
D:5:      layout_loops_ring, eat_drink_and_be_merry_uskayaw
D:6:      minmay_chambers_of_threes, layout_rooms, kennysheep_mini,
          gammafunk_temple_overflow_statue, minmay_misc_feat_room,
          serial_bayou_pond_a, grunt_dithmenos_shadows
D:7:      cheibrodos_two_vegetables, layout_cave_pools, serial_shops,
          shop_fountains
D:8:      layout_loops_ring, minmay_manual_mail, uniq_joseph, uniq_erica
Temple:   minmay_crystal_spiral_temple

Skill      XL: |  1  2  3  4  5  6  7  8  9 |
---------------+----------------------------+-----
Fighting       | 3 4 5 6 |  6.8
Axes           | 3 4 5 7 |  7.8
Armour         | 4 5 6 |  6.2
Shields        | 4 5 6 |  6.1
Invocations    | 2 4 6 7 |  7.6

Action                   |  1- 3 |  4- 6 |  7- 9 || total
-------------------------+-------+-------+-------++-------
Melee: War axe           |    80 |   176 |   368 ||   624
 Abil: Heal Wounds       |       |    12 |    29 ||    41
  Use: Scroll            |       |       |     9 ||     9
       Potion            |       |       |     2 ||     2
  Eat: Ration            |       |     1 |       ||     1
       Chunk             |       |       |     5 ||     5
Armor: Scale mail        |    38 |    64 |   136 ||   238
       Plate armour      |       |       |   124 ||   124
Dodge: Dodged            |    30 |    46 |   130 ||   206
Block: Kite shield       |    43 |   102 |   252 ||   397

Table legend:
 A = Non-vault XP
 B = Vault XP
 C = Vault XP percentage of total XP
 D = Non-vault monster count
 E = Vault monster count
 F = Vault count percentage of total count
                 A         B        C        D         E       F
            +---------+---------+-------+---------+---------+-------
      Total |    3424 |     759 |  18.1 |     117 |      32 |  21.5
            +---------+---------+-------+---------+---------+-------
        D:1 |      23 |       0 |   0.0 |      10 |       0 |   0.0
        D:2 |      34 |       0 |   0.0 |       5 |       0 |   0.0
        D:3 |       5 |       0 |   0.0 |       3 |       0 |   0.0
        D:4 |     302 |     161 |  34.8 |      23 |      20 |  46.5
        D:5 |     539 |       0 |   0.0 |      15 |       0 |   0.0
        D:6 |     988 |     523 |  34.6 |      26 |      10 |  27.8
        D:7 |    1035 |      75 |   6.8 |      22 |       2 |   8.3
        D:8 |     498 |       0 |   0.0 |      13 |       0 |   0.0
            +---------+---------+-------+---------+---------+-------
